 Dungeon Crawl Stone Soup version 0.31-a0-115-g4708a659fe (webtiles) character file.

Game seed: 802553120242711898

22157 Drazool the Skirmisher (level 12, -10/69 HPs)
             Began as a Spriggan Hunter on May 29, 2023.
             Was a Believer of Fedhas.
             Mangled by a skyshark (18 damage)
             ... on level 4 of the Lair of Beasts.
             The game lasted 00:58:21 (15704 turns).

Drazool the Skirmisher (Spriggan Hunter)           Turns: 15704, Time: 00:58:22

Health: -10/69     AC:  7    Str:  7    XL:     12   Next: 60%
Magic:  19/19      EV: 26    Int: 14    God:    Fedhas [**....]
Gold:   843        SH:  5    Dex: 23    Spells: 11/11 levels left

rFire   . . .        u - +10 orcbow of Omnykh {drain, rPois rC+ Will++ Int+3}
rCold   + . .        (shield currently unavailable)
rNeg    . . .        o - +0 troll leather armour {Pargi}
rPois   +            w - +2 hat
rElec   .            f - +0 cloak
rCorr   +            (gloves unavailable)
SInv    +            (boots unavailable)
Will    ++++.        p - amulet of reflection
Stlth   +++          R - ring of resist corrosion
HPRegen 1.11/turn    E - +5 ring of evasion
MPRegen 0.16/turn

%: reflection
@: about to teleport, very quick
A: very small, no large weapons, unfitting armour, see invisible, speed 3
a: Renounce Religion, Wall of Briars


You were on level 4 of the Lair of Beasts.
You worshipped Fedhas.
Fedhas was pleased with you.
You visited 3 branches of the dungeon, and saw 16 of its levels.

You collected 843 gold pieces.


Innate Abilities, Weirdness & Mutations

You are very small and have problems with some larger weapons.
You are too small for most types of armour.
You have supernaturally acute eyesight. (SInv)
You cover ground extremely quickly. (Speed+++)


   Skills:
 - Level 10.9 Fighting
 - Level 14.0 Ranged Weapons
 - Level 6.0 Dodging
 - Level 6.0 Stealth
 + Level 9.2 Invocations


You had 11 spell levels left.
You didn't know any spells.
Your spell library contained the following spells:

 Spells                   Type           Power      Damage    Failure   Level
 Apportation              Tloc           0%         N/A       41%         1
 Lesser Beckoning         Tloc           0%         N/A       54%         2
 Gell's Gravitas          Tloc           0%         N/A       78%         3
 Stone Arrow              Conj/Erth      0%         3d7       78%         3
 Teleport Other           Tloc           0%         N/A       78%         3
 Animate Armour           Summ/Erth      0%         N/A       99%         4
 Olgreb's Toxic Radiance  Pois           0%         N/A       99%         4
 Alistair's Intoxication  Tmut/Pois      0%         N/A       100%        5
 Dispersal                Tloc           0%         N/A       100%        6
 Simulacrum               Ice/Necr       0%         N/A       100%        6
 Ozocubu's Refrigeration  Ice            0%         4d7       100%        7
 Discord                  Hex            0%         N/A       100%        8
 Ignition                 Fire           0%         3d3       100%        8
 Lehudib's Crystal Spear  Conj/Erth      0%         10d2      100%        8
 Polar Vortex             Ice            0%         N/A       100%        9

Inventory:

Hand Weapons
 a - a +0 heavy shortbow
 u - the +10 orcbow of Omnykh (weapon) {drain, rPois rC+ Will++ Int+3}
   (You found it on level 3 of the Lair of Beasts)

   Int:       It affects your intelligence (+3).
   rC:        It protects you from cold.
   rPois:     It protects you from poison.
   Will:      It greatly increases your willpower.
Missiles
 l - 3 throwing nets {=f}
 A - a curare-tipped dart {=f}
Armour
 f - a +0 cloak (worn)
 j - a +1 robe of the Archmagi
 o - a +0 troll leather armour (worn) {Pargi}
 w - a +2 hat (worn)
Jewellery
 p - an amulet of reflection (around neck)
 D - an amulet of regeneration
 E - a +5 ring of evasion (right hand)
 R - a ring of resist corrosion (left hand)
 Z - a ring of wizardry
Wands
 m - a wand of digging (6)
 y - a wand of roots (20)
 C - a wand of paralysis (7)
Scrolls
 b - 2 scrolls of immolation
 c - a scroll of blinking {unknown}
 d - 3 scrolls of fog
 g - 10 scrolls of teleportation {@r2}
 h - a scroll of amnesia
 i - 3 scrolls of noise
 k - a scroll of acquirement
 v - 2 scrolls of poison
 B - 2 scrolls of enchant weapon {unknown}
 G - 2 scrolls of vulnerability
 I - a scroll of identify {@r1}
Potions
 e - 6 potions of curing {@q1}
 n - 4 potions of heal wounds {unknown}
 q - a potion of haste {unknown}
 r - a potion of cancellation {unknown}
 s - 6 potions of might {unknown}
 t - 2 potions of enlightenment {unknown}
 x - 3 potions of brilliance {unknown}
 z - a potion of mutation {unknown}
 F - a potion of berserk rage {unknown}
 H - 2 potions of ambrosia {unknown}

Dungeon Overview and Level Annotations

Branches:
Dungeon (10/15)            Temple (1/1) D:4            Lair (5/5) D:8
 Shoals (0/4) Lair:3        Snake (0/4) Lair:2        Slime (0/5) Lair:5
    Orc (0/2) D:9

Altars:
Ashenzari
Cheibriados
Dithmenos
Elyvilon
Fedhas
Gozag
Hepliaklqana
Kikubaaqudgha
Makhleb
Nemelex Xobeh
Qazlal
Ru
Sif Muna
Trog
Uskayaw
Vehumet
Wu Jian
Xom
Yredelemnul
Zin

Shops:
D:8 (

Annotations:
Lair:5 1 runed translucent door, Urug

##.....###
##....##.##
#.........#
##.......#.#
#.......##
##........#
#........##
###......###
#.....@.##
#PP..l...#
##P.....###
##.......##
#.........#
###.........#
##.........#.#
##....P....####
####..........#


You could see a skyshark (berserk, drained).


Message History

The skyshark is severely wounded.
You block the skyshark's attack. x2; The skyshark completely misses you.
You shoot an arrow. The arrow barely misses the skyshark.
The skyshark bites you!
The skyshark enters a blood-rage!
The skyshark completely misses you. x2
You shoot an arrow. The arrow closely misses the skyshark.
The skyshark bites you!!
* * * LOW HITPOINT WARNING * * *
The skyshark misses you. The skyshark tail-slaps you!
* * * LOW HITPOINT WARNING * * *
Unknown command.
The skyshark closely misses you. The skyshark completely misses you.
The skyshark misses you. The skyshark attacks as you move away!
You block the skyshark's attack. The skyshark barely misses you.
The skyshark completely misses you. The skyshark attacks as you move away!
The skyshark bites you.
* * * LOW HITPOINT WARNING * * *
The skyshark barely misses you. The skyshark closely misses you.
The skyshark bites you!!
* * * LOW HITPOINT WARNING * * *
The skyshark misses you.
The skyshark tail-slaps you but does no damage.
Okay, then.
As you read the scroll of teleportation {@r2}, it crumbles to dust.
You feel strangely unstable. You block the skyshark's attack.
The skyshark closely misses you. You block the skyshark's attack.
The skyshark attacks as you move away! The skyshark misses you. x2
The skyshark completely misses you. The skyshark bites you!!
You die...
Fedhas appreciates your contribution to the ecosystem.

Skill      XL: |  1  2  3  4  5  6  7  8  9 10 11 12 |
---------------+-------------------------------------+-----
Ranged Weapons | 5 6 7 10 13 14 | 14.0
Fighting       | 2 3 4 7 10 | 10.9
Stealth        | 3 5 6 |  6.0
Dodging        | 5 6 |  6.0
Invocations    | 3 9 |  9.2

Action                     |  1- 3 |  4- 6 |  7- 9 | 10-12 || total
---------------------------+-------+-------+-------+-------++-------
   Fire: Shortbow          |   120 |   226 |   509 |   552 ||  1407
         Orcbow            |       |       |       |     5 ||     5
  Evoke: Wand              |       |       |     2 |     1 ||     3
    Use: Scroll            |       |       |     9 |     9 ||    18
 Armour: Robe              |     3 |     8 |       |       ||    11
         Troll leather arm |       |       |    19 |    14 ||    33
  Dodge: Dodged            |     8 |    38 |    88 |   185 ||   319
  Block: Other             |       |       |    18 |    48 ||    66
         Reflection        |       |       |     1 |       ||     1

Levels and vault maps discovered:
D:1:      lemuel_arrival_river_passageway, layout_basic
D:2:      layout_basic, basic_ecumenical_altar, due_unseen_surprise
D:3:      layout_basic, grunt_ministairs_2, uniq_pargi, uniq_grinder,
          uniq_terence
D:4:      layout_basic, minmay_temple_entry_slanted, minmay_misc_feat_roman,
          grunt_ministairs_11, dk_noncrumbling_3,
          minmay_misc_feat_secret_circle, uniq_natasha
D:5:      cheibrodos_thug_alley, layout_loops_corners, minitemple,
          nicolae_overflow_crystal_walls
D:6:      layout_basic, dreamdust_princess_corridor
D:7:      layout_basic, regret_index_temple_of_mockery, old_standard_altar,
          dreamdust_wishing_well
D:8:      layout_loops_corners, grunt_lair_entry_orc_guard_hut, serial_shops,
          nicolae_shop_bloodbath_and_beyond
D:9:      minmay_inner_zag, layout_gridville, nicolae_wu_jian_wuxing_cycle,
          orc_0_dummy
D:10:     layout_roguey, fedhas_ov_isle_minmay,
          mainiacjoe_overflow_catch_the_wave
Temple:   nicolae_temple_bog_church
Lair:1:   layout_long_grid
Lair:2:   layout_misc_corridors, dummy_snake_entry, uniq_gastronok, uniq_erica
Lair:3:   layout_chaotic_city, shoals_dummy_entry, pf_torpor_hydra,
          lemuel_fruit_fields
Lair:4:   layout_hall_layers, uniq_rupert
Lair:5:   wormcave, layout_big_grid, hangedman_lair_caniforms_friends,
          slime_entry_1, lemuel_fruit_tree, uniq_urug, uniq_josephine

Notes
Turn   | Place    | Note
-------+----------+-------------------------------------------
     0 | D:1      | Drazool the Spriggan Hunter began the quest for the Orb.
     0 | D:1      | Reached XP level 1. HP: 10/10 MP: 2/2
    64 | D:1      | Reached XP level 2. HP: 11/14 MP: 3/3
   490 | D:1      | Reached skill level 5 in Ranged Weapons
   552 | D:1      | Reached XP level 3. HP: 18/18 MP: 4/4
  1250 | D:2      | Found a faded altar of an unknown god.
  1259 | D:2      | Reached XP level 4. HP: 22/22 MP: 5/5
  1363 | D:2      | Identified a +1 robe of the Archmagi
  1465 | D:2      | Identified the +0 leather armour "Koawk" {rElec}
  1931 | D:2      | Reached skill level 6 in Ranged Weapons
  1981 | D:3      | Noticed Terence
  1983 | D:3      | Noticed Grinder
  2167 | D:3      | Noticed a sky beast
  2215 | D:2      | Killed a sky beast
  2216 | D:2      | Reached XP level 5. HP: 25/25 MP: 6/6
  2352 | D:2      | Reached skill level 7 in Ranged Weapons
  2529 | D:3      | Noticed Pargi
  2824 | D:3      | Killed Pargi
  2825 | D:3      | Reached skill level 2 in Fighting
  2825 | D:3      | Reached skill level 3 in Stealth
  2825 | D:3      | Reached XP level 6. HP: 30/30 MP: 7/7
  2899 | D:3      | Paralysed by Grinder for 4 turns
  2961 | D:3      | Paralysed by Grinder for 2 turns
  2968 | D:3      | Killed Terence
  3020 | D:3      | Killed Grinder
  3021 | D:3      | Reached skill level 3 in Fighting
  3021 | D:3      | Reached skill level 5 in Stealth
  3021 | D:3      | Reached XP level 7. HP: 36/36 MP: 8/8
  3599 | D:3      | Reached skill level 6 in Stealth
  3632 | D:4      | Identified a scroll of acquirement
  3751 | D:4      | Reached skill level 4 in Fighting
  3751 | D:4      | Reached skill level 3 in Dodging
  3811 | D:4      | Found a staircase to the Ecumenical Temple.
  3820 | D:4      | Noticed Natasha
  3824 | Temple   | Entered the Ecumenical Temple
  4043 | D:4      | Reached skill level 4 in Dodging
  4062 | D:4      | Killed Natasha
  4155 | D:4      | Reached skill level 5 in Dodging
  4453 | D:4      | Reached XP level 8. HP: 42/42 MP: 9/9
  4467 | D:4      | Noticed Natasha
  4473 | D:4      | Killed Natasha
  4780 | D:4      | Noticed Natasha
  4916 | D:4      | Killed Natasha
  5264 | D:5      | Entered Level 5 of the Dungeon
  5399 | D:5      | Reached skill level 8 in Ranged Weapons
  6084 | D:5      | Found a sacrificial altar of Ru.
  6522 | D:5      | Reached skill level 9 in Ranged Weapons
  6732 | D:5      | Found a white marble altar of Elyvilon.
  6732 | D:5      | Found a stormy altar of Qazlal.
  6737 | D:5      | Found a shadowy altar of Dithmenos.
  7176 | D:6      | Reached skill level 10 in Ranged Weapons
  7498 | D:6      | Reached XP level 9. HP: 45/45 MP: 10/10
  7843 | D:7      | Found a shimmering blue altar of Sif Muna.
  8559 | D:7      | Found a hazy altar of Hepliaklqana.
  8560 | D:7      | Found a shimmering altar of Xom.
  8561 | D:7      | Noticed a spectral ugly thing
  8689 | D:7      | Reached skill level 11 in Ranged Weapons
  9428 | D:8      | Found Quuvvoroi's Weapon Boutique.
  9933 | D:8      | Reached skill level 12 in Ranged Weapons
 10189 | D:8      | Found a staircase to the Lair.
 10566 | D:9      | Found a staircase to the Orcish Mines.
 10624 | D:8      | Reached skill level 13 in Ranged Weapons
 10832 | D:9      | Reached XP level 10. HP: 49/49 MP: 11/11
 10842 | D:9      | Found an ornate altar of the Wu Jian Council.
 11028 | D:9      | Paralysed by a hornet for 3 turns
 11631 | D:9      | Reached skill level 14 in Ranged Weapons
 11752 | D:9      | Reached skill level 6 in Dodging
 11962 | D:10     | Entered Level 10 of the Dungeon
 11962 | D:10     | Found a blossoming altar of Fedhas.
 11969 | D:10     | Became a worshipper of Fedhas Madash
 12026 | Lair:1   | Entered Level 1 of the Lair of Beasts
 12029 | Lair:1   | Reached skill level 5 in Fighting
 12049 | Lair:1   | Noticed a cane toad
 12070 | Lair:1   | Killed a cane toad
 12185 | Lair:1   | Noticed a cane toad
 12237 | Lair:1   | Killed a cane toad
 12238 | Lair:1   | Reached skill level 6 in Fighting
 12418 | Lair:1   | Reached skill level 7 in Fighting
 12454 | Lair:1   | Noticed a cane toad
 12504 | Lair:1   | Killed a cane toad
 12611 | Lair:1   | Noticed a death yak
 12612 | Lair:1   | Noticed a torpor snail
 12612 | Lair:1   | Noticed a cane toad
 12701 | Lair:1   | Noticed a death yak
 12716 | Lair:1   | Killed a death yak
 12717 | Lair:1   | Reached XP level 11. HP: 59/59 MP: 12/12
 12753 | Lair:1   | Killed a death yak
 12754 | Lair:1   | Reached skill level 8 in Fighting
 12897 | Lair:1   | Reached * piety under Fedhas
 13118 | Lair:1   | Reached skill level 9 in Fighting
 13289 | Lair:2   | Noticed Erica
 13306 | Lair:1   | Killed Erica
 13368 | Lair:2   | Noticed Gastronok
 13399 | Lair:2   | Noticed a six-headed hydra
 13508 | Lair:1   | Killed a six-headed hydra
 13539 | Lair:2   | Reached skill level 10 in Fighting
 13565 | Lair:2   | Identified the +3 trident of Growth {heavy, rC+ rCorr}
 13721 | Lair:2   | Killed Gastronok
 13815 | Lair:2   | Found a staircase to the Snake Pit.
 13862 | Lair:2   | Reached skill level 1 in Invocations
 13871 | Lair:1   | Reached skill level 2 in Invocations
 14109 | Lair:2   | Reached skill level 3 in Invocations
 14109 | Lair:2   | Reached XP level 12. HP: 69/69 MP: 15/15
 14302 | Lair:2   | Reached ** piety under Fedhas
 14303 | Lair:2   | Reached skill level 4 in Invocations
 14380 | Lair:3   | Found a staircase to the Shoals.
 14425 | Lair:3   | You fall into a shaft and drop 2 floors!
 14425 | Lair:5   | Entered Level 5 of the Lair of Beasts
 14468 | Lair:5   | Found a runed translucent door.
 14470 | Lair:5   | Noticed an ice dragon
 14488 | Lair:5   | Reached skill level 5 in Invocations
 14589 | Lair:5   | Noticed Urug
 14605 | Lair:4   | Noticed a catoblepas
 14615 | Lair:4   | Reached skill level 6 in Invocations
 14757 | Lair:4   | Reached skill level 7 in Invocations
 14990 | Lair:3   | Found a runed translucent door.
 15166 | Lair:3   | Reached skill level 8 in Invocations
 15565 | Lair:3   | Noticed a four-headed hydra
 15625 | Lair:3   | Killed a four-headed hydra
 15626 | Lair:3   | Reached skill level 9 in Invocations
 15662 | Lair:3   | Identified the +10 orcbow of Omnykh {drain, rPois rC+
                  | Will++ Int+3}
 15700 | Lair:4   | HP: 5/69 [skyshark (18)]
 15704 | Lair:4   | Mangled by a skyshark

Vanquished Creatures
  Gastronok (Lair:2)
  2 hydras
  Erica (Lair:1)
  2 death yaks (Lair:1)
  2 elephants (Lair:5)
  3 torpor snails
  3 black mambas
  7 cane toads
  5 komodo dragons
  A troll (D:9)
  Grinder (D:3)
  2 hornets
  11 blink frogs
  A wraith (D:9)
  15 yaks
  4 wyverns
  3 steam dragons
  11 water moccasins
  Pargi (D:3)
  2 orc warriors
  2 black bears
  An ice beast (D:5)
  2 sky beasts
  11 wolves
  2 ogres (D:4)
  2 centaurs
  A phantom (D:4)
  2 kobold brigands
  16 bullfrogs
  6 scorpions
  5 wights (D:9)
  7 killer bees
  5 howler monkeys
  2 hounds (D:6)
  2 jellies (D:6)
  3 iguanas
  2 sleepcaps (D:5)
  Terence (D:3)
  Natasha (thrice) (D:4)
  5 orc wizards
  13 gnolls
  8 adders
  A shadow imp (D:6)
  2 white imps
  3 worms
  6 dart slugs
  18 orcs
  13 ball pythons
  8 endoplasms
  10 goblins
  9 hobgoblins
  7 jackals
  3 quokkas
  6 bats
  6 frilled lizards
  23 kobolds
  4 rats
298 creatures vanquished.

Table legend: (Time is in decaauts)
 A = Elapsed time spent in this place.
 B = Non-inter-level travel time spent in this place.
 C = Inter-level travel time spent in this place.
 D = Time resting spent in this place.
 E = Time spent auto-exploring this place.
 F = Levels seen in this place.
 G = Mean time per level.
                   A        B        C        D        E       F      G
               +--------+--------+--------+--------+--------+-----+--------+
         Total |  10775 |  10283 |    492 |    667 |   5673 |  16 |  673.4 |
       Dungeon |   8034 |   7664 |    370 |    438 |   4425 |  10 |  803.4 |
        Temple |    125 |    109 |     16 |      0 |    102 |   1 |  125.0 |
          Lair |   2616 |   2510 |    106 |    229 |   1145 |   5 |  523.2 |
               +--------+--------+--------+--------+--------+-----+--------+

Top non-repeatable levels by time:
     D:5: 1075 daAuts
     D:7: 1072 daAuts
     D:3: 1050 daAuts
  Lair:1: 1004 daAuts
     D:9: 928 daAuts
     D:4: 900 daAuts
     D:2: 876 daAuts
     D:8: 856 daAuts
     D:1: 657 daAuts
     D:6: 603 daAuts
  Lair:3: 589 daAuts
  Lair:2: 579 daAuts
  Lair:4: 277 daAuts
  Lair:5: 165 daAuts
  Temple: 125 daAuts

Table legend:
 A = Non-vault XP
 B = Vault XP
 C = Vault XP percentage of total XP
 D = Non-vault monster count
 E = Vault monster count
 F = Vault count percentage of total count
                 A         B        C        D         E       F
            +---------+---------+-------+---------+---------+-------
      Total |   24832 |    6822 |  21.6 |     267 |      31 |  10.4
            +---------+---------+-------+---------+---------+-------
        D:1 |      68 |       0 |   0.0 |      36 |       0 |   0.0
        D:2 |     221 |       3 |   1.3 |      26 |       2 |   7.1
        D:3 |     153 |     467 |  75.3 |      19 |       3 |  13.6
        D:4 |     648 |      42 |   6.1 |      24 |       3 |  11.1
        D:5 |     665 |       9 |   1.3 |      13 |       6 |  31.6
        D:6 |     619 |       0 |   0.0 |      16 |       0 |   0.0
        D:7 |     693 |     309 |  30.8 |       8 |       2 |  20.0
        D:8 |     835 |     742 |  47.1 |      20 |       4 |  16.7
        D:9 |    1336 |    1242 |  48.2 |      26 |       6 |  18.8
     Lair:1 |    8215 |     844 |   9.3 |      33 |       1 |   2.9
     Lair:2 |    3756 |    1455 |  27.9 |      16 |       1 |   5.9
     Lair:3 |    3960 |    1281 |  24.4 |      18 |       2 |  10.0
     Lair:4 |    2309 |       0 |   0.0 |       9 |       0 |   0.0
     Lair:5 |    1354 |     428 |  24.0 |       3 |       1 |  25.0
            +---------+---------+-------+---------+---------+-------
